 Dungeon Sprint DCSS version 0.30-a0-772-g5528072125 (webtiles) character file.

Game seed: 5236938255516391933

4 rocky1 the Gusty (level 1, -4/10 HPs)
             Began as a Tengu Air Elementalist on Feb 13, 2023.
             Slain by an ice beast (13 damage)
             ... in the Dungeon (Sprint IX: "|||||||||||||||||||||||||||||").
             The game lasted 00:00:13 (24 turns).

rocky1 the Gusty (Tengu Air Elementalist)             Turns: 24, Time: 00:00:14

Health: -4/10      AC:  2    Str:  8    XL:     1   Next: 70%
Magic:  2/4        EV: 12    Int: 15    God:
Gold:   0          SH:  0    Dex: 14    Spells: 3/4 levels left

rFire   . . .      SeeInvis .    (no weapon)
rCold   . . .      Faith    .    (no shield)
rNeg    . . .      Spirit   .    a - +0 robe
rPois   .          Reflect  .    (helmet restricted)
rElec   .          Harm     .    (no cloak)
rCorr   .          Rampage  .    (no gloves)
Will    .....      NoTele   +    (boots unavailable)
Stlth   ++                       (no amulet)
HPRegen 0.21/turn                (no ring)
MPRegen 0.09/turn                (no ring)

@: no status effects
A: beak, talons 3
a: no special abilities


You were in the Dungeon.
You visited 1 branch

Inventory:

Armour
 a - a +0 robe (worn)
Scrolls
 g - a scroll of blinking
Potions
 b - 3 potions of magic
 c - a potion of curing
 d - a potion of heal wounds
 e - a potion of haste
 f - a potion of berserk rage


   Skills:
 - Level 2.1 Dodging
 - Level 2.0 Stealth
 + Level 2.4 Spellcasting
 + Level 2.4 Conjurations
 * Level 5.1 Air Magic


You had 3 spell levels left.
You knew the following spells:

 Your Spells              Type           Power      Damage    Failure   Level
a - Shock                 Conj/Air       52%        1d6       4%          1

Your spell library contained the following spells:

 Spells                   Type           Power      Damage    Failure   Level
 Static Discharge         Conj/Air       26%        2-4/arc   7%          2
 Swiftness                Air            17%        N/A       8%          3
 Airstrike                Air            8%         2d(2-18)  26%         4


Dungeon Overview and Level Annotations

Branches:
Dungeon (1/1)

Altars:


Innate Abilities, Weirdness & Mutations

You have a beak for a mouth.
You have claws for feet.


Message History

You kill the frilled lizard!
Your Conjurations skill increases to level 2!
Your Air Magic skill increases to level 5!
Unknown command.
You start resting.
Magic restored.
There is an open door to the Dungeon here.
Things that are here:
a +0 dagger; a goblin corpse You see here a +0 dagger.
You open the door.
A hound, a black bear, a scorpion, a worm and an ice beast come into view.
The black bear growls angrily.
Aiming: Shock (safe; 4% risk of failure)
Press: ? - help, Q - select action Shift-Dir - straight line, f - ice beast
Aim: an ice beast (wandering, hasn't noticed you, 68% to hit)
The zap hits the ice beast.
The ice beast is lightly wounded.
The zap hits the worm.
The worm is lightly wounded.
The zap hits the scorpion but does no damage.
The zap hits the black bear.
The black bear is lightly wounded.
The zap misses the hound.
The hound barks!
Aiming: Shock (safe; 4% risk of failure)
Press: ? - help, Q - select action Shift-Dir - straight line, f/p - ice beast
Aim: an ice beast (lightly wounded, 68% to hit)
The zap hits the ice beast.
The ice beast is lightly wounded.
The zap hits the worm.
The worm is lightly wounded.
The zap hits the scorpion.
The scorpion is lightly wounded.
The zap hits the black bear.
The black bear is moderately wounded.
The zap misses the hound.
The ice beast hits you. The ice beast freezes you!
Ouch! That really hurt!
You die...

▓+▓
▓h▓
▓h▓
▓s▓
▓.▓
▓w▓
▓Y▓
▓@▓
▓.▓
▓)▓
▓)▓
▓.▓
▓'▓
▓.▓
▓.▓
▓.▓


You could see a black bear, an ice beast, a worm, a scorpion and a hound.

Vanquished Creatures
  A goblin (D)
  A kobold (D)
  A frilled lizard (D)
  2 rats (D)
5 creatures vanquished.

Notes
Turn   | Place    | Note
-------+----------+-------------------------------------------
     0 | D        | rocky1 the Tengu Air Elementalist began the quest for the
                  | Orb.
     0 | D        | Reached XP level 1. HP: 10/10 MP: 4/4
     5 | D        | Reached skill level 5 in Air Magic
    22 | D        | Noticed a hound
    22 | D        | Noticed a black bear
    22 | D        | Noticed a scorpion
    22 | D        | Noticed an ice beast
    24 | D        | Slain by an ice beast

Illustrated notes

Levels and vault maps discovered:
D:        linesprint [early_d, line_temple, items_1, d_10, items_2, lair_1,
          lair_end, items_3, orc_1, orc_end, items_4, d_15, swamp_1, shoals_1,
          snake_1, spider_1, d_20, vaults_1, items_5, swamp_end, shoals_end,
          snake_end, spider_end, vaults_end, d_27, items_6, zot_1, zot_end,
          crypt_end, forest_end, elf_end, slime_end, tomb_end, abyss_end,
          pan_hell_end]

Skill      XL: |  1 |
---------------+----+-----
Conjurations   | 2 |  2.4
Air Magic      | 5 |  5.1
Dodging        | |  2.1
Stealth        | |  2.0
Spellcasting   | |  2.4

Action                     || total
---------------------------++-------
   Cast: Shock             ||     3

Table legend: (Time is in decaauts)
 A = Elapsed time spent in this place.
 B = Non-inter-level travel time spent in this place.
 C = Inter-level travel time spent in this place.
 D = Time resting spent in this place.
 E = Time spent auto-exploring this place.
 F = Levels seen in this place.
 G = Mean time per level.
                   A        B        C        D        E       F      G
               +--------+--------+--------+--------+--------+-----+--------+
         Total |     24 |     24 |      0 |     11 |      0 |   1 |   24.0 |
       Dungeon |     24 |     24 |      0 |     11 |      0 |   1 |   24.0 |
               +--------+--------+--------+--------+--------+-----+--------+

Top non-repeatable levels by time:
       D: 24 daAuts
